 Dungeon Crawl Stone Soup version 0.32-a0-918-g0f22ef8d61 (webtiles) character file.

Game seed: 4571466307854341433

508 lessens the Cudgeller (level 7, -4/46 HPs)
             Began as a Formicid Alchemist on Apr 11, 2024.
             Was a Follower of Trog.
             Slain by an ogre
             ... wielding a +0 giant club
              (25 damage)
             ... on level 5 of the Dungeon.
             The game lasted 00:08:18 (5342 turns).

lessens the Cudgeller (Formicid Alchemist)          Turns: 5342, Time: 00:08:18

Health: -4/46      AC: 11    Str: 15    XL:     7   Next: 42%
Magic:  10/10      EV:  3    Int: 14    God:    Trog [*.....]
Gold:   169        SH:  5    Dex: 14    Spells: 9/10 levels left

rFire   . . .        r - +0 flail
rCold   . . .        (no shield)
rNeg    + . .        C - +0 plate armour
rPois   .            (helmet unavailable)
rElec   .            (no cloak)
rCorr   .            (no gloves)
SInv    +            m - +0 pair of boots
Will    .....        w - amulet of reflection Stlth
                     s - ring of positive energy
HPRegen 0.27/turn    (no ring)
MPRegen 0.12/turn

%: reflection
@: no status effects
A: permanent stasis, dig shafts and tunnels, antennae 3, four strong arms
a: Dig, Shaft Self, Renounce Religion


You were on level 5 of the Dungeon.
You worshipped Trog.
Trog was aware of your devotion.
You visited 2 branches of the dungeon, and saw 6 of its levels.
You also visited: Sewer.

You collected 169 gold pieces.

Inventory:

Hand Weapons
 d - a +0 quarterstaff
 f - a +0 giant spiked club
 r - a +0 flail (weapon)
Missiles
 e - 38 stones
 n - 10 poisoned darts (quivered)
 A - 3 javelins
Armour
 a - a +0 robe
 m - a +0 pair of boots (worn)
 C - a +0 plate armour (worn)
Jewellery
 s - a ring of positive energy (left hand)
 w - an amulet of reflection (around neck)
 x - a ring of ice
Wands
 z - a wand of acid (5)
Scrolls
 c - 3 scrolls of identify
 g - a scroll of blinking {unknown}
 h - 2 scrolls of brand weapon {unknown}
 i - 2 scrolls of amnesia {unknown}
 l - a scroll of immolation {unknown}
 o - 2 scrolls of vulnerability {unknown}
 p - 2 scrolls of teleportation {unknown}
 u - a scroll of enchant weapon {unknown}
 y - a scroll of revelation
Potions
 b - 2 potions of magic
 j - 3 potions of heal wounds {unknown}
 k - a potion of curing
 q - a potion of resistance {unknown}
 t - a potion of brilliance {unknown}
 v - 3 potions of haste {unknown}
 B - a potion of invisibility {unknown}
 D - a potion of enlightenment {unknown}


   Skills:
 + Level 7.2 Maces & Flails
 - Level 1.7 Dodging
 - Level 2.4 Stealth
 - Level 2.1 Spellcasting
 - Level 0.8 Conjurations
 - Level 4.0 Alchemy


You had 9 spell levels left.
You knew the following spells:

 Your Spells              Type           Power      Damage    Failure   Level
a - Sting                 Conj/Alch      32%        1d5       100%        1

Your spell library contained the following spells:

 Spells                   Type           Power      Damage    Failure   Level
 Magic Dart               Conj           12%        1d3       100%        1
 Call Imp                 Summ           2%         N/A       100%        2
 Mercury Vapours          Alch/Air       14%        N/A       100%        2
 Scorch                   Fire           2%         2d5       100%        2
 Mephitic Cloud           Conj/Alch/Air  6%         N/A       100%        3
 Tukima's Dance           Hex            1%         N/A       100%        3
 Flame Wave               Conj/Fire      2%         2d4       100%        4
 Olgreb's Toxic Radiance  Alch           12%        N/A       100%        4
 Passage of Golubria      Tloc           1%         N/A       100%        4
 Sticky Flame             Fire/Alch      7%         2d4       100%        4
 Yara's Violent Unravell  Hex/Alch       3%         3d4       100%        5
 Summon Cactus Giant      Summ           0%         N/A       100%        6
 Blink                    Tloc           Unusable   N/A       N/A         2

Dungeon Overview and Level Annotations

Branches:
Dungeon (5/15) Zot: 25709  Temple (1/1) D:5 Zot: 5978   Sewer (visited)

Altars:
Cheibriados
Dithmenos
Fedhas
Gozag
Hepliaklqana
Kikubaaqudgha
Makhleb
Qazlal
Ru
Trog
Uskayaw
Vehumet
Xom
Yredelemnul
Zin


Innate Abilities, Weirdness & Mutations

You cannot be hasted, slowed, berserked, paralysed or teleported.
You can dig through walls and to a lower floor.
You have a pair of large antennae on your head. (SInv)
Your four strong arms can wield two-handed weapons with a shield.


Message History

You kill the jackal!
Trog accepts your kill.
The jackal bites you but does no damage. x2
You barely miss the jackal.
The jackal bites you but does no damage.
You completely miss the jackal.
The jackal bites you but does no damage.
The jackal bites you.
You hit the jackal but do no damage. You block the jackal's attack.
You completely miss the jackal. You block the jackal's attack.
An ogre comes into view. It is wielding a +0 giant club.
The jackal bites you but does no damage.
You hit the jackal.
The jackal is almost dead.
The jackal completely misses you.
You sock the jackal!
You kill the jackal!
Trog accepts your kill. The ogre hits you with a +0 giant club!
You sock the ogre!
The ogre is heavily wounded.
The ogre completely misses you.
You completely miss the ogre.
The ogre is heavily wounded.
You sock the ogre!
The ogre is almost dead.
You block the ogre's attack.
You hit the ogre.
The ogre is almost dead.
The ogre hits you with a +0 giant club.
You completely miss the ogre.
The ogre is almost dead.
You barely miss the ogre.
The ogre is almost dead.
The ogre hits you with a +0 giant club.
You hit the ogre but do no damage.
The ogre is almost dead.
The ogre hits you with a +0 giant club!!
Ouch! That really hurt!
You die...

*,,***,* **,,,**,,,**,,,##..#.###
*,,,**,****,****,,,*****#..##...#
,,,***,**,,{*###*,*+,*####.......
,,**,,,,,,,<,,..,,*,,,#......##..
*,**,,**,**#,##.##*,ß,#.......##.
*,,,,,*****#.#...#*,,,#..........
*,,,,,,,,#.#.....###>##....##....
***,,,,,,......O.†.###....##.....
***,,,,,,****,,#@................
**,,,,,,,,* *,*#.................
,,,,,,,,,,**#....................
,**,,,,,,**#.....###.........##..
,,,,,,,,,,.....#.#*#...........<.
*,,,,,,,,,..##....,............##
*,,,,,,,,,.,,#.#.....##...###....
,,***,,,,,***###...!.#*##...#....
,,,,,,,,,,*** *,,,,,,,**.........


You could see an ogre.

Vanquished Creatures
  2 kobold brigands (Sewer)
  A scorpion (D:5)
  A bombardier beetle (D:4)
  11 adders
  8 river rats
  2 dart slugs
  2 ribbon worms
  4 orcs (D:3)
  7 bats
  5 endoplasms
  3 giant cockroaches
  3 goblins
  4 hobgoblins
  2 jackals (D:5)
  20 kobolds
  2 quokkas
  8 ball pythons
  A frilled lizard (D:2)
  34 rats
120 creatures vanquished.

Notes
Turn   | Place    | Note
-------+----------+-------------------------------------------
     0 | D:1      | lessens the Formicid Alchemist began the quest for the Orb.
     0 | D:1      | Reached XP level 1. HP: 13/13 MP: 3/3
    93 | D:1      | Reached skill level 1 in Maces & Flails
   188 | D:1      | Reached XP level 2. HP: 13/19 MP: 0/5
   443 | D:1      | Reached skill level 2 in Maces & Flails
   733 | D:2      | Reached XP level 3. HP: 20/24 MP: 6/6
   949 | D:2      | Found a hide-covered altar of Uskayaw.
  1045 | D:2      | Reached skill level 3 in Maces & Flails
  1261 | D:2      | Reached XP level 4. HP: 30/30 MP: 4/7
  2379 | D:3      | Reached skill level 4 in Maces & Flails
  2514 | D:3      | Reached XP level 5. HP: 33/35 MP: 6/8
  3842 | D:4      | Reached skill level 5 in Maces & Flails
  3863 | D:5      | Entered Level 5 of the Dungeon
  3879 | D:5      | Reached XP level 6. HP: 32/41 MP: 5/9
  3916 | D:5      | Found a staircase to the Ecumenical Temple.
  3925 | Temple   | Entered the Ecumenical Temple
  3934 | Temple   | Became a worshipper of Trog the Wrathful
  4119 | D:5      | Found a glowing drain.
  4131 | Sewer    | Entered a sewer
  4168 | Sewer    | Reached skill level 6 in Maces & Flails
  4461 | Sewer    | Reached * piety under Trog
  4462 | Sewer    | Reached XP level 7. HP: 14/46 MP: 10/10
  4672 | Sewer    | Reached skill level 7 in Maces & Flails
  5342 | D:5      | Slain by an ogre

Illustrated notes

Levels and vault maps discovered:
D:1:      scummos_arrival_star, layout_rooms
D:2:      layout_basic, basic_altar, grunt_ministairs_5
D:3:      layout_loops_ring
D:4:      layout_cave_pods
D:5:      layout_cave_pools, minmay_temple_entry_glass, serial_rivers,
          chequers_serial_rivers_small_b, chequers_serial_rivers_micro_a,
          chequers_serial_rivers_micro_c, chequers_serial_rivers_small_b,
          chequers_serial_rivers_micro_c, chequers_serial_rivers_marsh,
          lightli_sewer_entry_pipes, serial_shops,
          nicolae_shop_tiny_real_fake_doors, grunt_ministairs_4
Temple:   nicolae_temple_bog_church

Skill      XL: |  1  2  3  4  5  6  7 |
---------------+----------------------+-----
Maces & Flails | 1 2 3 4 5 6 7 |  7.2
Dodging        | |  1.7
Stealth        | |  2.4
Spellcasting   | |  2.1
Conjurations   | |  0.8
Alchemy        | |  4.0

Action                     |  1- 3 |  4- 6 |  7- 9 || total
---------------------------+-------+-------+-------++-------
  Melee: Quarterstaff      |    33 |    77 |       ||   110
         Unarmed           |     4 |       |       ||     4
         Flail             |       |    64 |   145 ||   209
  Throw: Dart              |       |     5 |     4 ||     9
   Cast: Sting             |    31 |    39 |       ||    70
Ability: Dig               |       |       |     1 ||     1
  Evoke: Wand              |       |     1 |       ||     1
    Use: Scroll            |       |     2 |       ||     2
         Potion            |       |     1 |     1 ||     2
   Stab: Sleeping          |     2 |     3 |       ||     5
 Armour: Robe              |    28 |    99 |    78 ||   205
         Skin              |       |       |    20 ||    20
         Plate armour      |       |       |    19 ||    19
  Dodge: Dodged            |    28 |   105 |    51 ||   184
  Block: Other             |       |    32 |    35 ||    67
         Reflection        |       |     1 |       ||     1

Table legend: (Time is in decaauts)
 A = Elapsed time spent in this place.
 B = Non-inter-level travel time spent in this place.
 C = Inter-level travel time spent in this place.
 D = Time resting spent in this place.
 E = Time spent auto-exploring this place.
 F = Levels seen in this place.
 G = Mean time per level.
                   A        B        C        D        E       F      G
               +--------+--------+--------+--------+--------+-----+--------+
         Total |   5422 |   5316 |    106 |    683 |   3429 |   7 |  774.6 |
       Dungeon |   4289 |   4183 |    106 |    153 |   3348 |   5 |  857.8 |
        Temple |     21 |     21 |      0 |      0 |      0 |   1 |   21.0 |
         Sewer |   1111 |   1111 |      0 |    530 |     81 |   1 | 1111.0 |
               +--------+--------+--------+--------+--------+-----+--------+

Top non-repeatable levels by time:
     D:2: 1302 daAuts
   Sewer: 1111 daAuts
     D:3: 1039 daAuts
     D:4: 821 daAuts
     D:1: 717 daAuts
     D:5: 409 daAuts
  Temple: 21 daAuts

Levels and vault maps discovered:
D:1:      scummos_arrival_star, layout_rooms
D:2:      layout_basic, basic_altar, grunt_ministairs_5
D:3:      layout_loops_ring
D:4:      layout_cave_pods
D:5:      layout_cave_pools, minmay_temple_entry_glass, serial_rivers,
          chequers_serial_rivers_small_b, chequers_serial_rivers_micro_a,
          chequers_serial_rivers_micro_c, chequers_serial_rivers_small_b,
          chequers_serial_rivers_micro_c, chequers_serial_rivers_marsh,
          lightli_sewer_entry_pipes, serial_shops,
          nicolae_shop_tiny_real_fake_doors, grunt_ministairs_4
Temple:   nicolae_temple_bog_church
